TOP OF THE 1ST |
Rocky Mount Leafs batting - Pitching for Burlington Senators : RHP Rick Steirer
|
Pitching: RHP Rick Steirer
|
|
Batting: LHB Oscar Ramirez
|
0-0: Ball 1-0: Fly out, F9 (Line Drive, 9, EV 94.4 MPH)
|
Batting: RHB Alex Sanchez
|
0-0: SOLO HOME RUN (Line Drive, 7LD, EV 96.3 MPH), Distance : 347 ft
|
Batting: LHB Larry Ray
|
0-0: Called Strike 0-1: Swinging Strike 0-2: Ball 1-2: Strikes out swinging
|
Batting: RHB Glen Bockhorn
|
0-0: Ball 1-0: Called Strike 1-1: Foul Ball, location: 2F 1-2: Ball 2-2: Ball 3-2: Foul Ball, location: 2F 3-2: Base on Balls
|
Batting: RHB Tom Lawless
|
0-0: Ball 1-0: Ball 2-0: Foul Ball, location: 2F 2-1: Foul Ball, location: 2F 2-2: Foul Ball, location: 2F 2-2: Foul Ball, location: 2F 2-2: Ball 3-2: SINGLE (Flyball, 8LS, EV 81.9 MPH) Glen Bockhorn to second Glen Bockhorn to third
|
Batting: RHB Ricardo Villasenor
|
0-0: Called Strike 0-1: Ball 1-1: Ball 2-1: Fly out, F9 (Flyball, 9S, EV 89.4 MPH)
|
Top of the 1st over - 1 run, 2 hits, 0 errors, 2 left on base; Rocky Mount 1 - Burlington 0 |
BOTTOM OF THE 1ST |
Burlington Senators batting - Pitching for Rocky Mount Leafs : RHP Gerald Kennedy
|
Pitching: RHP Gerald Kennedy
|
|
Batting: LHB Daniel Spain
|
0-0: Called Strike 0-1: Called Strike 0-2: Ball 1-2: Ball 2-2: Ground out 4-3 (Groundball, 4, EV 99.4 MPH)
|
Batting: RHB Ronnie Mears
|
0-0: Called Strike 0-1: Ball 1-1: Foul Ball, location: 2F 1-2: Ground out 4-3 (Groundball, 4, EV 105.6 MPH)
|
Batting: RHB Richard Hertel
|
0-0: Called Strike 0-1: Swinging Strike 0-2: Fly out, F6 (Flyball, 6D, EV 80.6 MPH)
|
Bottom of the 1st over - 0 runs, 0 hits, 0 errors, 0 left on base; Rocky Mount 1 - Burlington 0 |
TOP OF THE 2ND |
Rocky Mount Leafs batting - Pitching for Burlington Senators : RHP Rick Steirer
|
Batting: RHB Sergio Loya
|
0-0: Ball 1-0: Called Strike 1-1: Ball 2-1: Ball 3-1: Base on Balls
|
Batting: RHB Blane McDonald
|
0-0: Called Strike 0-1: Swinging Strike 0-2: Grounds into double play, 6-4-3 (Groundball, 56, EV 86.3 MPH)
|
Batting: RHB Todd Cruz
|
0-0: Called Strike 0-1: Ball 1-1: Swinging Strike 1-2: Foul Ball, location: 2F 1-2: Foul Ball, location: 2F 1-2: Ground out 5-3 (Groundball, 15, EV 88.1 MPH)
|
Top of the 2nd over - 0 runs, 0 hits, 0 errors, 0 left on base; Rocky Mount 1 - Burlington 0 |
BOTTOM OF THE 2ND |
Burlington Senators batting - Pitching for Rocky Mount Leafs : RHP Gerald Kennedy
|
Batting: LHB James Beck
|
0-0: Called Strike 0-1: Fly out, F3 (Popup, 34S, EV 83.1 MPH)
|
Batting: RHB Joseph Lorenz
|
0-0: Ball 1-0: Ball 2-0: Ground out 4-3 (Groundball, 4, EV 83.1 MPH)
|
Batting: RHB Glenn Millhauser
|
0-0: Swinging Strike 0-1: Swinging Strike 0-2: Strikes out swinging
|
Bottom of the 2nd over - 0 runs, 0 hits, 0 errors, 0 left on base; Rocky Mount 1 - Burlington 0 |
TOP OF THE 3RD |
Rocky Mount Leafs batting - Pitching for Burlington Senators : RHP Rick Steirer
|
Batting: LHB Oscar Ramirez
|
0-0: Ball 1-0: Ball 2-0: Called Strike 2-1: Foul Ball, location: 2F 2-2: Foul Ball, location: 2F 2-2: Foul Ball, location: 2F 2-2: Ball 3-2: Foul Ball, location: 2F 3-2: Base on Balls
|
Batting: RHB Alex Sanchez
|
0-0: Ball 1-0: Called Strike 1-1: Fly out, F5 (Flyball, 56D, EV 84.4 MPH)
|
Batting: LHB Larry Ray
|
0-0: Swinging Strike 0-1: Ball 1-1: Swinging Strike 1-2: Ball Oscar Ramirez steals 2nd base 2-2: Ground out 1-3 (Groundball, 13, EV 70.0 MPH) Oscar Ramirez to third
|
Batting: RHB Glen Bockhorn
|
0-0: Fly out, F8 (Line Drive, 8RM, EV 100.0 MPH)
|
Top of the 3rd over - 0 runs, 0 hits, 0 errors, 1 left on base; Rocky Mount 1 - Burlington 0 |
BOTTOM OF THE 3RD |
Burlington Senators batting - Pitching for Rocky Mount Leafs : RHP Gerald Kennedy
|
Batting: LHB Jesus Sandoval
|
0-0: Swinging Strike 0-1: Ball 1-1: Ball 2-1: Called Strike 2-2: Ball 3-2: SINGLE (Groundball, 56D, EV 95.0 MPH)
|
Batting: RHB James English
|
0-0: Ball 1-0: Fly out, F9 (Flyball, 9, EV 86.9 MPH)
|
Batting: RHB Brad Bauman
|
0-0: Grounds into double play, 6-4-3 (Groundball, 6, EV 82.5 MPH)
|
Bottom of the 3rd over - 0 runs, 1 hit, 0 errors, 0 left on base; Rocky Mount 1 - Burlington 0 |
TOP OF THE 4TH |
Rocky Mount Leafs batting - Pitching for Burlington Senators : RHP Rick Steirer
|
Batting: RHB Tom Lawless
|
0-0: Called Strike 0-1: Swinging Strike 0-2: Ball 1-2: Strikes out swinging
|
Batting: RHB Ricardo Villasenor
|
0-0: Foul Ball, location: 2F 0-1: Ball 1-1: Ball 2-1: Ball 3-1: Fly out, F9 (Flyball, 9, EV 80.6 MPH)
|
Batting: RHB Sergio Loya
|
0-0: Foul Ball, location: 2F 0-1: Ball 1-1: Foul Ball, location: 2F 1-2: Fly out, F7 (Line Drive, 7D, EV 92.5 MPH)
|
Top of the 4th over - 0 runs, 0 hits, 0 errors, 0 left on base; Rocky Mount 1 - Burlington 0 |
BOTTOM OF THE 4TH |
Burlington Senators batting - Pitching for Rocky Mount Leafs : RHP Gerald Kennedy
|
Batting: LHB Daniel Spain
|
0-0: Ball 1-0: Ball 2-0: Foul Ball, location: 2F 2-1: Swinging Strike 2-2: Ball 3-2: Ground out 4-3 (Groundball, 4, EV 81.3 MPH)
|
Batting: RHB Ronnie Mears
|
0-0: Called Strike 0-1: Ball 1-1: Ball 2-1: Fly out, F7 (Flyball, 78XD, EV 76.9 MPH)
|
Batting: RHB Richard Hertel
|
0-0: Ball 1-0: Ball 2-0: Ball 3-0: Called Strike 3-1: Ground out 5-3 (Groundball, 56S, EV 64.4 MPH)
|
Bottom of the 4th over - 0 runs, 0 hits, 0 errors, 0 left on base; Rocky Mount 1 - Burlington 0 |
TOP OF THE 5TH |
Rocky Mount Leafs batting - Pitching for Burlington Senators : RHP Rick Steirer
|
Batting: RHB Blane McDonald
|
0-0: Called Strike 0-1: Ball 1-1: Ground out 6-3 (Groundball, 6, EV 109.4 MPH)
|
Batting: RHB Todd Cruz
|
0-0: Ball 1-0: Ball 2-0: SINGLE (Groundball, 6D, EV 100.6 MPH)
|
Batting: LHB Oscar Ramirez
|
0-0: Ball Todd Cruz steals 2nd base 1-0: Ball Todd Cruz is caught stealing 3rd base 2-5 2-0: SINGLE (Groundball, 34S, EV 63.1 MPH) (infield hit)
|
Batting: RHB Alex Sanchez
|
0-0: Ball Oscar Ramirez steals 2nd base 1-0: Fly out, F8 (Flyball, 8RM, EV 78.1 MPH)
|
Top of the 5th over - 0 runs, 2 hits, 0 errors, 1 left on base; Rocky Mount 1 - Burlington 0 |
BOTTOM OF THE 5TH |
Burlington Senators batting - Pitching for Rocky Mount Leafs : RHP Gerald Kennedy
|
Batting: LHB James Beck
|
0-0: Ball 1-0: Called Strike 1-1: Foul Ball, location: 2F 1-2: Ball 2-2: DOUBLE (Line Drive, 9LM, EV 101.3 MPH)
|
Batting: RHB Joseph Lorenz
|
0-0: Foul Ball, location: 2F 0-1: Ball 1-1: Swinging Strike 1-2: Foul Ball, location: 2F 1-2: Ground out 5-3 (Groundball, 5L, EV 88.1 MPH)
|
Batting: RHB Glenn Millhauser
|
0-0: Ball 1-0: Ball 2-0: Foul Ball, location: 2F 2-1: Ground out 6-3 (Groundball, 6, EV 108.8 MPH)
|
Batting: LHB Jesus Sandoval
|
0-0: Ball 1-0: Fly out, F6 (Line Drive, 6, EV 68.8 MPH)
|
Bottom of the 5th over - 0 runs, 1 hit, 0 errors, 1 left on base; Rocky Mount 1 - Burlington 0 |
TOP OF THE 6TH |
Rocky Mount Leafs batting - Pitching for Burlington Senators : RHP Rick Steirer
|
Batting: LHB Larry Ray
|
0-0: Ball 1-0: Foul Ball, location: 2F 1-1: Called Strike 1-2: Strikes out swinging
|
Batting: RHB Glen Bockhorn
|
0-0: Called Strike 0-1: Ball 1-1: Ball 2-1: Foul Ball, location: 2F 2-2: Ground out U3 (Groundball, 3S, EV 88.1 MPH)
|
Batting: RHB Tom Lawless
|
0-0: Ball 1-0: Ball 2-0: Ground out 5-3 (Groundball, 56, EV 84.4 MPH)
|
Top of the 6th over - 0 runs, 0 hits, 0 errors, 0 left on base; Rocky Mount 1 - Burlington 0 |
BOTTOM OF THE 6TH |
Burlington Senators batting - Pitching for Rocky Mount Leafs : RHP Gerald Kennedy
|
Batting: RHB James English
|
0-0: Ball 1-0: Foul Ball, location: 2F 1-1: Ball 2-1: Ground out 4-3 (Groundball, 4, EV 78.1 MPH)
|
Batting: RHB Brad Bauman
|
0-0: Ground out 6-3 (Groundball, 6, EV 101.3 MPH)
|
Batting: LHB Daniel Spain
|
0-0: Ball 1-0: Swinging Strike 1-1: Called Strike 1-2: Ball 2-2: Foul Ball, location: 2F 2-2: Ball 3-2: Strikes out looking
|
Bottom of the 6th over - 0 runs, 0 hits, 0 errors, 0 left on base; Rocky Mount 1 - Burlington 0 |
TOP OF THE 7TH |
Rocky Mount Leafs batting - Pitching for Burlington Senators : RHP Rick Steirer
|
Batting: RHB Ricardo Villasenor
|
0-0: Ball 1-0: SINGLE (Line Drive, 8RM, EV 90.0 MPH)
|
Batting: RHB Sergio Loya
|
0-0: Bunt - Flyout to 2R! F2
|
Batting: RHB Blane McDonald
|
0-0: Ball 1-0: Foul Ball, location: 2F 1-1: Swinging Strike 1-2: 2-RUN HOME RUN (Flyball, 7D, EV 111.3 MPH), Distance : 382 ft
|
Batting: RHB Todd Cruz
|
0-0: Ball 1-0: Ball 2-0: Ball 3-0: Called Strike 3-1: Foul Ball, location: 2F 3-2: Fly out, F7 (Flyball, 7S, EV 73.1 MPH)
|
Batting: LHB Oscar Ramirez
|
0-0: Ball 1-0: Ball 2-0: Swinging Strike 2-1: Foul Ball, location: 2F 2-2: Strikes out swinging
|
Top of the 7th over - 2 runs, 2 hits, 0 errors, 0 left on base; Rocky Mount 3 - Burlington 0 |
BOTTOM OF THE 7TH |
Burlington Senators batting - Pitching for Rocky Mount Leafs : RHP Gerald Kennedy
|
Pitching: LHP Timothy Fitz
|
|
Batting: RHB Ronnie Mears
|
0-0: Ball 1-0: Foul Ball, location: 2F 1-1: Foul Ball, location: 2F 1-2: Ball 2-2: Ball 3-2: Strikes out swinging
|
Batting: RHB Richard Hertel
|
0-0: Ball 1-0: Ball 2-0: Ball 3-0: Called Strike 3-1: Swinging Strike 3-2: Foul Ball, location: 2F 3-2: Base on Balls
|
Batting: LHB James Beck
|
0-0: Called Strike 0-1: Ball 1-1: Fielders Choice at 2nd, 4-6 (Groundball, 4, EV 88.8 MPH)
|
Batting: RHB Joseph Lorenz
|
0-0: Ball 1-0: Ball 2-0: Foul Ball, location: 2F 2-1: Foul Ball, location: 2F 2-2: Hit by Pitch James Beck to second
|
Batting: RHB Glenn Millhauser
|
0-0: Ball 1-0: Called Strike 1-1: Fielders Choice at 2nd, 6-4 (Groundball, 6, EV 89.4 MPH)
|
Bottom of the 7th over - 0 runs, 0 hits, 0 errors, 2 left on base; Rocky Mount 3 - Burlington 0 |
TOP OF THE 8TH |
Rocky Mount Leafs batting - Pitching for Burlington Senators : RHP Rick Steirer
|
Batting: RHB Alex Sanchez
|
0-0: Ball 1-0: Called Strike 1-1: Foul Ball, location: 2F 1-2: Foul Ball, location: 2F 1-2: Ground out 6-3 (Groundball, P, EV 89.4 MPH)
|
Batting: LHB Larry Ray
|
0-0: Ball 1-0: Ball 2-0: Ball 3-0: Called Strike 3-1: Base on Balls
|
Batting: RHB Glen Bockhorn
|
0-0: Ball 1-0: Foul Ball, location: 2F 1-1: Foul Ball, location: 2F 1-2: Ball 2-2: Ball 3-2: Foul Ball, location: 2F 3-2: Foul Ball, location: 2F 3-2: SINGLE (Line Drive, 8RS, EV 100.0 MPH) Larry Ray to second
|
Batting: RHB Tom Lawless
|
0-0: Ball 1-0: Grounds into double play, 4-6-3 (Groundball, 4, EV 78.8 MPH)
|
Top of the 8th over - 0 runs, 1 hit, 0 errors, 1 left on base; Rocky Mount 3 - Burlington 0 |
BOTTOM OF THE 8TH |
Burlington Senators batting - Pitching for Rocky Mount Leafs : LHP Timothy Fitz
|
Batting: LHB Jesus Sandoval
|
0-0: Ball 1-0: Ball 2-0: Ball 3-0: Base on Balls
|
Batting: RHB James English
|
0-0: Ball 1-0: Called Strike 1-1: Ball 2-1: Ball Wild Pitch! Jesus Sandoval to second 3-1: Fly out, F8 (Flyball, 8LD, EV 109.4 MPH) Runner from 2nd tags up, SAFE at 3rd with throw by CF
|
Batting: RHB Brad Bauman
|
0-0: Foul Ball, location: 2F 0-1: Ball 1-1: Ball 2-1: Ball 3-1: Foul Ball, location: 2F 3-2: Foul Ball, location: 2F 3-2: Foul Ball, location: 2F 3-2: Strikes out swinging
|
Batting: LHB Daniel Spain
|
0-0: Ball 1-0: Ball 2-0: Called Strike 2-1: Fly out, F7 (Line Drive, 7D, EV 99.4 MPH)
|
Bottom of the 8th over - 0 runs, 0 hits, 0 errors, 1 left on base; Rocky Mount 3 - Burlington 0 |
TOP OF THE 9TH |
Rocky Mount Leafs batting - Pitching for Burlington Senators : RHP Rick Steirer
|
Batting: RHB Ricardo Villasenor
|
0-0: Ball 1-0: Foul Ball, location: 2F 1-1: Ball 2-1: Foul Ball, location: 2F 2-2: Foul Ball, location: 2F 2-2: Foul Ball, location: 2F 2-2: Fly out, F7 (Line Drive, 7D, EV 92.5 MPH)
|
Batting: RHB Sergio Loya
|
0-0: Ball 1-0: Swinging Strike 1-1: Foul Ball, location: 2F 1-2: DOUBLE (Line Drive, 7LS, EV 90.6 MPH)
|
Batting: RHB Blane McDonald
|
0-0: Intentional Walk
|
Batting: RHB Todd Cruz
|
0-0: Called Strike Sergio Loya steals 3rd, throwing error, E2 Sergio Loya scores Blane McDonald to third 0-1: Ball 1-1: Ball 2-1: DOUBLE (Line Drive, 7LM, EV 92.5 MPH) Blane McDonald scores
|
Pitching: RHP John Minarcin
|
|
Batting: LHB Oscar Ramirez
|
0-0: Ball 1-0: SINGLE (Groundball, 25, EV 69.4 MPH) (infield hit) Todd Cruz to third
|
Batting: RHB Alex Sanchez
|
0-0: Called Strike 0-1: Ball 1-1: SINGLE (Flyball, 34D, EV 88.1 MPH) Todd Cruz scores Oscar Ramirez to second
|
Batting: LHB Larry Ray
|
0-0: Ball 1-0: Swinging Strike 1-1: Foul Ball, location: 2F 1-2: Ball 2-2: SINGLE (Line Drive, 9S, EV 110.0 MPH) Oscar Ramirez to third Alex Sanchez to second
|
Batting: RHB Glen Bockhorn
|
0-0: Foul Ball, location: 2F 0-1: Ball 1-1: Ball 2-1: Foul Ball, location: 2F 2-2: Fly out, F4 (Popup, 34S, EV 75.6 MPH)
|
Batting: RHB Tom Lawless
|
0-0: Fly out, F9 (Flyball, 9D, EV 88.8 MPH)
|
Top of the 9th over - 3 runs, 5 hits, 1 error, 3 left on base; Rocky Mount 6 - Burlington 0 |
BOTTOM OF THE 9TH |
Burlington Senators batting - Pitching for Rocky Mount Leafs : LHP Timothy Fitz
|
Batting: RHB Ronnie Mears
|
0-0: Fly out, F6 (Popup, 6MS, EV 71.3 MPH)
|
Batting: RHB Richard Hertel
|
0-0: Foul Ball, location: 2F 0-1: Fly out, F4 (Flyball, 4D, EV 80.0 MPH)
|
Batting: LHB James Beck
|
0-0: Ball 1-0: Ball 2-0: Foul Ball, location: 2F 2-1: Fly out, F6 (Popup, 6S, EV 78.1 MPH)
|
Bottom of the 9th over - 0 runs, 0 hits, 0 errors, 0 left on base; Rocky Mount 6 - Burlington 0 |
|